AoeStats
← ToileTh

Arabia

509647275Analyzed
3v3 RM · 3d ago on Sep 27, 2026· 27m 30s· 6 players
Game mode
Random Map
Map size
Normal (6 player)
Population
200
Speed
Normal
Resources
Standard
Victory
Conquest
Starting age
Dark Age
Ending age
Imperial Age
RankedLock teamsTeams togetherTeam positionsShared explorationLock speedFull tech treeHidden civsTurbo modeCheats
Victory
Defeat
🇹🇼 Ethiopians · Taiwan
1357
+10
🇹🇼 Khmer · Taiwan
1349
+11
🇹🇼 Romans · Taiwan
1120
+19
🇫🇷 Teutons · France
1341
-18
🇺🇸 Chinese · United States
1243
-14
🇫🇷 Khmer · France
1082
-8
Lorenzo de' Medici
0:26 Loom
10:34 Feudal Age
11:14 Double-Bit Axe
18:09 Fletching
21:50 Wheelbarrow
21:24 Horse Collar
23:26 Padded Archer Armor
xigumi444
7:33 Loom
9:58 Feudal Age
14:01 Scale Barding Armor
18:15 Forging
18:55 Double-Bit Axe
21:31 Bloodlines
ToileTh
6:40 Loom
9:32 Feudal Age
10:41 Double-Bit Axe
13:18 Fletching
15:30 Horse Collar
16:09 Padded Archer Armor
21:29 Castle Age
20:18 Gold Mining
20:35 Scale Barding Armor
20:41 Forging
22:15 Bloodlines
23:16 Chain Barding Armor
25:28 Bow Saw
27:01 Heavy Plow
frankwindchlu
6:15 Loom
9:21 Feudal Age
9:50 Double-Bit Axe
11:11 Horse Collar
16:35 Forging
20:25 Castle Age
18:44 Gold Mining
19:27 Scale Barding Armor
19:56 Bloodlines
21:30 Bow Saw
21:25 Husbandry
21:47 Chain Barding Armor
23:51 Gold Shaft Mining
24:21 Wheelbarrow
dopeegoo
3:21 Loom
5:39 Loom
9:23 Feudal Age
12:32 Fletching
18:51 Double-Bit Axe
23:58 Castle Age
23:57 Padded Archer Armor
24:52 Bodkin Arrow
24:19 Crossbowman
26:46 Bow Saw
27:38 Ballistics
花雪
6:38 Loom
9:35 Feudal Age
10:03 Double-Bit Axe
9:52 Man-at-Arms
12:48 Horse Collar
14:11 Scale Mail Armor
21:39 Forging
22:40 Fletching
28:00 Castle Age
26:42 Padded Archer Armor
28:37 Wheelbarrow
Connection lost

Rejoining the realm…

Still unreachable

The connection could not be restored.

Session expired

The server has moved on; the page needs a fresh start.